 Dungeon Crawl Stone Soup version 0.30-a0-779-g7971cf19c3 (webtiles) character file.

Game seed: 2520012685953558202

154 dolemite99 the Shooter (level 5, -5/42 HPs)
             Began as a Minotaur Hunter on Feb 17, 2023.
             Slain by Grinder (6 damage)
             ... on level 3 of the Dungeon.
             The game lasted 00:01:59 (2818 turns).

dolemite99 the Shooter (Minotaur Hunter)            Turns: 2818, Time: 00:02:00

Health: -5/42      AC:  3    Str: 16    XL:     5   Next: 13%
Magic:  4/4        EV: 12    Int:  6    God:
Gold:   203        SH:  0    Dex: 15    Spells: 4/4 levels left

rFire   . . .      SeeInvis .    a - +0 shortbow
rCold   . . .      Faith    .    (shield currently unavailable)
rNeg    . . .      Spirit   .    c - +0 leather armour
rPois   .          Reflect  .    (helmet restricted)
rElec   .          Harm     .    (no cloak)
rCorr   .          Rampage  .    (no gloves)
Will    .....                    (no boots)
Stlth   +                        (no amulet)
HPRegen 0.27/turn                (no ring)
MPRegen 0.09/turn                (no ring)

@: brilliant, flying
A: horns 2, retaliatory headbutt
a: no special abilities


You were on level 3 of the Dungeon.
You visited 1 branch of the dungeon, and saw 4 of its levels.

You collected 203 gold pieces.

Inventory:

Hand Weapons
 a - a +0 shortbow (weapon)
Missiles
 f - 17 poisoned darts
Armour
 c - a +0 leather armour (worn)
Jewellery
 o - a +4 ring of protection
Scrolls
 b - 2 scrolls of immolation
 g - a scroll of fog {unknown}
 h - 4 scrolls of teleportation
 j - 4 scrolls of identify {unknown}
 k - a scroll of noise {unknown}
 m - a scroll of enchant armour {unknown}
 n - 2 scrolls of vulnerability {unknown}
 p - a scroll of poison {unknown}
 t - a scroll of brand weapon {unknown}
 w - a scroll of enchant weapon {unknown}
Potions
 d - a potion of might {unknown}
 e - a potion of lignification {unknown}
 i - 4 potions of flight
 l - a potion of invisibility {unknown}
 q - a potion of cancellation {unknown}
 r - a potion of berserk rage {unknown}
 s - a potion of brilliance
 u - a potion of heal wounds {unknown}
 v - a potion of attraction {unknown}


   Skills:
 - Level 2.4 Fighting
 + Level 7.1 Ranged Weapons
 - Level 2.1 Dodging
 - Level 0.7 Stealth


You had 4 spell levels left.
You didn't know any spells.
Your spell library contained the following spells:

 Spells                   Type           Power      Damage    Failure   Level
 Shock                    Conj/Air       0%         1d3       52%         1
 Swiftness                Air            0%         N/A       88%         3
 Airstrike                Air            0%         2d(0-16)  99%         4
 Animate Dead             Necr           0%         N/A       99%         4
 Borgnjor's Vile Clutch   Necr/Erth      0%         N/A       100%        5
 Death Channel            Necr           0%         N/A       100%        6


Dungeon Overview and Level Annotations

Branches:
Dungeon (4/15)
 Temple: D:4-7

Altars:

Annotations:
D:3 Grinder
D:4 Pikel


Innate Abilities, Weirdness & Mutations

You have a pair of horns on your head.
You reflexively headbutt those who attack you in melee.


Message History

You shoot an arrow. The arrow closely misses Grinder.
You shoot an arrow. The arrow closely misses Grinder.
Grinder barely misses you.
You shoot an arrow. The arrow hits Grinder.
Grinder is lightly wounded.
Grinder hits you but does no damage. Grinder hits you.
You climb upwards.
There is a stone staircase leading down here.
You shoot an arrow. The arrow hits Grinder!
Grinder is moderately wounded.
Grinder closely misses you.
You shoot an arrow.
The arrow hits Grinder but does no damage.
Grinder is moderately wounded.
Grinder misses you. Grinder hits you!
You writhe in agony.
You shoot an arrow.
The arrow hits Grinder but does no damage.
Grinder is moderately wounded.
Grinder gestures at you. Pain shoots through your body!
You shoot an arrow. The arrow hits Grinder.
Grinder is moderately wounded.
Grinder hits you!
* * * LOW HITPOINT WARNING * * *
You writhe in agony.
* * * LOW HITPOINT WARNING * * *
You shoot an arrow. The arrow closely misses Grinder.
Grinder hits you but does no damage.
It was a potion of flight.
You feel very buoyant.
You fly up into the air.
Grinder gestures at you.
You barely resist.
It was a potion of brilliance.
You feel clever all of a sudden. Grinder hits you.
* * * LOW HITPOINT WARNING * * *
You writhe in agony.
You die...

.##########.# #.# #...# #.# #
.##########.#####.# #...# #.# #
.##.............#.# #...# #.####
.##.#######.###.#.# #...###'##..
.##.# #.##.# #.#.# #...##...#..
.##.# #..#.# #...# #...##...#..
.##.# ##..#.###...####...##)..#..
.##.###..................##...###
..........#.###.@<...............
..........#.###..5..............÷
.................................
###.###...#.###...####...###.####
..............#..........###.####
.#......†........................
..........#.###.#.####.#.###.####
##..###..##.# #)#........# #.####
##.# #..##.###.#.####.#####.#...


You could see Grinder.

Vanquished Creatures
  Jessica (D:2)
  5 adders
  A worm (D:2)
  2 dart slugs (D:3)
  An orc (D:3)
  4 ball pythons
  5 endoplasms
  7 giant cockroaches
  9 hobgoblins
  11 kobolds
  2 quokkas
  9 bats
  10 goblins
  7 rats
74 creatures vanquished.

Vanquished Creatures (others)
  4 toadstools (D:1)
4 creatures vanquished.

Grand Total: 78 creatures vanquished

Notes
Turn   | Place    | Note
-------+----------+-------------------------------------------
     0 | D:1      | dolemite99 the Minotaur Hunter began the quest for the Orb.
     0 | D:1      | Reached XP level 1. HP: 18/18 MP: 0/0
   156 | D:1      | Reached XP level 2. HP: 25/25 MP: 1/1
   177 | D:1      | Reached skill level 5 in Ranged Weapons
   592 | D:1      | Reached XP level 3. HP: 30/30 MP: 2/2
  1366 | D:2      | Noticed Jessica
  1373 | D:2      | Killed Jessica
  1374 | D:2      | Reached skill level 6 in Ranged Weapons
  1598 | D:2      | Reached XP level 4. HP: 33/37 MP: 3/3
  2252 | D:3      | Reached skill level 7 in Ranged Weapons
  2252 | D:3      | Reached XP level 5. HP: 42/42 MP: 4/4
  2774 | D:4      | Noticed a lemure
  2776 | D:4      | Noticed Grinder
  2777 | D:4      | Noticed Pikel
  2778 | D:4      | Noticed a lemure
  2779 | D:4      | Noticed a lemure
  2815 | D:3      | HP: 2/42 [Grinder (5)]
  2818 | D:3      | Slain by Grinder

Illustrated notes

Levels and vault maps discovered:
D:1:      ldierk_walled_garden_2, layout_basic
D:2:      layout_basic, uniq_jessica
D:3:      layout_basic, minmay_misc_feat_doors, minmay_joined_circles
D:4:      layout_gridville, uniq_menkaure, uniq_grinder, uniq_pikel

Skill      XL: |  1  2  3  4 |
---------------+-------------+-----
Ranged Weapons | 5 6 7 |  7.1
Fighting       | |  2.4
Dodging        | |  2.1
Stealth        | |  0.7

Action                     |  1- 3 |  4- 6 || total
---------------------------+-------+-------++-------
   Fire: Shortbow          |    69 |    98 ||   167
    Use: Scroll            |       |     2 ||     2
         Potion            |       |     2 ||     2
 Armour: Leather armour    |     5 |    11 ||    16
  Dodge: Dodged            |     9 |    44 ||    53

Table legend: (Time is in decaauts)
 A = Elapsed time spent in this place.
 B = Non-inter-level travel time spent in this place.
 C = Inter-level travel time spent in this place.
 D = Time resting spent in this place.
 E = Time spent auto-exploring this place.
 F = Levels seen in this place.
 G = Mean time per level.
                   A        B        C        D        E       F      G
               +--------+--------+--------+--------+--------+-----+--------+
         Total |   2857 |   2792 |     65 |     55 |   2289 |   4 |  714.2 |
       Dungeon |   2857 |   2792 |     65 |     55 |   2289 |   4 |  714.2 |
               +--------+--------+--------+--------+--------+-----+--------+

Top non-repeatable levels by time:
     D:3: 1031 daAuts
     D:1: 884 daAuts
     D:2: 853 daAuts
     D:4: 89 daAuts
